Unix NetHack Version 3.7.0-59 Work-in-progress - last build Jun 15 2022 22:00:42 (ba19de5de9b105df43ec81f7b8aaf5e01ff60ae8,branch:master). Game began 2022-06-19 09:56:11, ended 2022-06-20 02:40:28. cathartes, neutral female gnomish Archeologist ------- ------- |>.|..| --|.....| |.....| |.+.....| ---q--.| |-|.....|-- ----.0@.|.-- |.+.....+.| |....u..|..-- |-|.....|.| |.0.0---|0..| |.+.....|.| |.0..|.%|.0.| --|.....|.| |.00....|0..| ------|.| --....|.....0-- |.| |....0|..|.00.| |.| |.....|--|.0..| |.| |..|%-- --...| |.| ----.| ----- |.| |..-------------------.| |........^%^^^^^^^^^%..| ------------------------ Cathartes the Investigator St:11 Dx:13 Co:18 In:17 Wi:15 Ch:10 Neutral Dlvl:4 $:24 HP:0(76) Pw:52(52) AC:2 Xp:8/1989 T:7859 Latest messages: The leocrotta hits! What do you want to write with? [- begrsGVZ or ?*] ? You engrave in the floor with a wand of digging. What do you want to engrave in the floor here? Elbereth Gravel flies up from the floor. The leocrotta turns to flee. What do you want to wield? [- abeGH or ?*] ? Never mind. What do you want to wield? [- abeGH or ?*] d d - a cockatrice corpse (wielded). Something is engraved here on the floor. You read: "Elbereth". You see no objects here. The black unicorn turns to flee. The leocrotta turns to flee. What do you want to zap? [sVZ or ?*] Never mind. Something is engraved here on the floor. You read: "Elbereth". You see no objects here. Something is engraved here on the floor. You read: "Elbereth". You see no objects here. The black unicorn turns to flee. The leocrotta turns to flee. Something is engraved here on the floor. You read: "Elbereth". You see no objects here. Something is engraved here on the floor. You read: "Elbereth". You see no objects here. The leocrotta turns to flee. You begin bashing monsters with your cockatrice corpse. You feel like a hypocrite. The engraving beneath you fades. You hit the leocrotta with the cockatrice corpse. The leocrotta is slowing down. The leocrotta turns to stone. What do you want to take off? [cimy or ?*] ? Suddenly you can see yourself. You were wearing an uncursed +0 cloak of invisibility. What do you want to wield? [- abeGH or ?*] a a - an uncursed +0 pick-axe (weapon in hand). You see here a statue of a leocrotta. The black unicorn butts! The black unicorn kicks! The black unicorn butts! The black unicorn kicks! You die... Do you want your possessions identified? [ynq] (y) q Major events: Turn 1: cathartes the neutral female gnomish Archeologist entered the dungeon 1776: entered the Gnomish Mines 2057: attained the rank of Field Worker (level 3) 2586: reached Mine Town 3204: attained the rank of Investigator (level 6) 5431: entered Sokoban 5899: completed sokoban 1 6342: completed sokoban 2 6716: completed sokoban 3 7859: killed by a black unicorn Inventory: Coins $ - 24 gold pieces Weapons b - 4 uncursed +0 elven arrows G - an uncursed +0 elven dagger (at the ready) e - an uncursed +2 bullwhip (alternate weapon; not wielded) Armor c - an uncursed +0 fedora (being worn) i - an uncursed +0 pair of leather gloves (being worn) y - an uncursed +0 pair of jumping boots (being worn) z - an uncursed +0 pair of water walking boots m - an uncursed +0 cloak of invisibility X - an uncursed +0 dwarvish mithril-coat (being worn) Tools h - an uncursed sack containing 16 items l - an uncursed leash Q - an uncursed mirror a - an uncursed +0 pick-axe (weapon in hand) k - an uncursed skeleton key f - an uncursed tinning kit (0:76) H - an uncursed +0 unicorn horn Wands V - an uncursed wand of digging (0:2) Z - an uncursed wand of sleep (0:2) s - an uncursed wand of undead turning (0:5) Comestibles d - an uncursed cockatrice corpse I - an uncursed lizard corpse Gems/Stones r - an uncursed luckstone g - an uncursed touchstone Contents of the sack: 503 gold pieces an uncursed ring of warning a cursed ring of aggravate monster an uncursed ring of free action an uncursed tin whistle a blessed scroll of earth an uncursed scroll of earth an uncursed scroll of teleportation a cursed scroll of teleportation an uncursed potion of object detection 2 uncursed shoots of water spinach an uncursed cram ration 2 uncursed food rations an uncursed lembas wafer 3 uncursed tripe rations a cursed tin of stalker meat Cathartes the Archeologist's attributes: Background: You were an Investigator, a level 8 female gnomish Archeologist. You were neutral, on a mission for Camaxtli who was opposed by Quetzalcoatl (lawful) and Huhetotl (chaotic). You were in Sokoban, on level 4. You entered the dungeon 7859 turns ago. It was nighttime. You had 1989 experience points, 571 more were needed to attain level 9. Basics: You had 0 out of 76 hit points. You had all 52 energy points (spell power). Your armor class was 2. Your wallet contained 24 zorkmids. Autopickup was on for '$_*' plus thrown, with exceptions. Final Characteristics: Your strength was 11 (limit:18/50). Your dexterity was 13 (limit:18). Your constitution was 18 (limit:18). Your intelligence was 17 (limit:19). Your wisdom was 15 (limit:18). Your charisma was 10 (limit:18). Final Status: You were not hungry. You were unencumbered. You were wielding a pick-axe. You had expert skill with pick-axe. Final Attributes: You were piously aligned. You were poison resistant. You had infravision. You were stealthy. You could jump. You were guarded. You were fast. You were lucky. You had extra luck. Bad luck did not time out for you. Good luck did not time out for you. You are dead. Miscellaneous: You disabled loading of bones levels. Total elapsed playing time was 2 hours, 23 minutes and 27 seconds. Vanquished creatures: a ghost 2 giant mimics a warg 2 small mimics a tengu a leocrotta 2 leather golems 3 watchmen a giant beetle a quivering blob a cockatrice 7 wolves 4 winter wolf cubs 2 leprechauns a vampire bat an ogre an owlbear a Green-elf a lizard a chickatrice a dingo a dog a dwarf leader a blue jelly 2 white unicorns a dust vortex a plains centaur 4 human zombies a soldier ant 4 fire ants a wood nymph a water nymph a mountain nymph a rock piercer a pony a fog cloud a violet fungus a gnomish wizard a kobold mummy 2 paper golems 8 giant ants 2 little dogs 2 floating eyes 2 kittens 7 dwarves 2 homunculi a rothe a centipede 2 orc zombies a dwarf zombie a wererat a werejackal 6 iguanas 2 acid blobs 2 gas spores 3 hobbits 2 manes 3 hobgoblins 4 giant rats 4 cave spiders 2 brown molds a yellow mold a green mold a red mold 5 gnomes a gnome zombie 4 geckos 7 jackals a fox a kobold 4 goblins a sewer rat 7 grid bugs 2 bats 3 lichens 11 newts 171 creatures vanquished. No species were genocided or became extinct. Voluntary challenges: You read items or engraved 22 times. You engraved Elbereth 19 times. You never genocided any monsters. You never polymorphed an object. You never changed form. You used no wishes. You did not violate any of the special Sokoban rules. Achievements: You entered a shop. You entered the Gnomish Mines. You attained the rank of Field Worker. You entered Minetown. You entered a temple. You attained the rank of Investigator. You entered Sokoban. The Dungeons of Doom: levels 1 to 8 Level 1: Level 2: A general store. Level 3: An altar. Level 4: An armor shop, some fountains. Stairs down to The Gnomish Mines. Level 5: A general store. Level 6: An altar to Camaxtli. Level 7: Many fountains. Level 8: A potion shop. Stairs up to Sokoban, level 7. The Gnomish Mines: levels 5 to 8 Level 5: Level 6: Level 7: Many shops, a temple, many fountains. Level 8: Sokoban: levels 7 up to 4 Level 4: <- You were here. Unsolved. Final resting place for you, killed by a black unicorn. Level 5: Solved. Level 6: Solved. Level 7: Solved. Game over: ---------- / \ / REST \ / IN \ / PEACE \ / \ | cathartes | | 527 Au | | killed by a | | black unicorn | | | | | | 2022 | *| * * * | * _________)/\\_//(\/(/\)/\//\/|_)_______ Goodbye cathartes the Archeologist... You died in Sokoban on dungeon level 4 with 8801 points, and 527 pieces of gold, after 7859 moves. You were level 8 with a maximum of 76 hit points when you died.